 Dungeon Crawl Stone Soup version 0.17-a0-987-g15e8808 (webtiles) character file.

109 digdugdiggy the Cudgeler (level 4, -2/49 HPs)
             Began as an Ogre Gladiator on May 12, 2015.
             Slain by a goblin
             ... wielding a +0 club
              (4 damage)
             ... while paralysed
             ... on level 2 of the Dungeon.
             The game lasted 00:01:54 (1994 turns).

digdugdiggy the Cudgeler (Ogre Gladiator)           Turns: 1994, Time: 00:01:54

Health: -2/49      AC:  3    Str: 20    XL:     4   Next: 90%
Magic:  4/4        EV:  1    Int:  8    God:
Gold:   84         SH:  0    Dex: 10    Spells: 0 memorised, 3 levels left

rFire  . . .     SeeInvis .     a - +0 flail
rCold  . . .     Clarity  .     b - +0 robe
rNeg   . . .     SustAb   .     (no shield)
rPois  .         Gourm    .     c - +0 hat
rElec  .         Spirit   .     (no cloak)
rCorr  .         Warding  .     (gloves unavailable)
rMut   .         Stasis   .     (boots unavailable)
MR     .....                    (no amulet)
Stlth  +.........               (no ring)
                                (no ring)

@: paralysed, very slightly contaminated, starving, not resistant to hostile
enchantments, very unstealthy
A: unfitting armour, tough skin 1
a: no special abilities


You were on level 2 of the Dungeon.
You were starving.

You visited 1 branch of the dungeon, and saw 2 of its levels.

You collected 84 gold pieces.

Inventory:

Hand weapons
 a - a +0 flail (weapon)
Missiles
 d - 3 throwing nets
 h - 4 javelins (quivered)
Armour
 b - a +0 robe (worn)
 c - a +0 hat (worn)
Magical devices
 p - a wand of digging (9)
Scrolls
 f - 2 scrolls of random uselessness {unknown}
 i - a scroll of noise {unknown}
 k - a scroll of blinking {unknown}
 n - a scroll of immolation {unknown}
 o - a scroll of identify {unknown}
Comestibles
 e - 4 bread rations
 j - a meat ration


   Skills:
 + Level 4.9 Fighting
 + Level 5.8 Maces & Flails
 - Level 2.1 Throwing
 - Level 2.6 Dodging


You had 3 spell levels left.
You didn't know any spells.

Dungeon Overview and Level Annotations

Branches:
Dungeon (2/15)

Altars:

Annotations:
D:2 Robin


Innate Abilities, Weirdness & Mutations

You are too large for most types of armour.
You have tough skin (AC +1).


Message History

You hit the goblin but do no damage. The goblin barely misses you.
You lose consciousness!
The goblin hits you but does no damage. x2
The goblin hits you with a club.
* * * LOW HITPOINT WARNING * * *
The goblin hits you but does no damage. The goblin hits you with a club.
* * * LOW HITPOINT WARNING * * *
Robin's bangles clink loudly.
Robin roars a battlecry!
The goblins go into a battle-frenzy!
The goblin hits you with a club.
* * * LOW HITPOINT WARNING * * *
Robin throws the goblin at you! The goblin hits you with a club.
* * * LOW HITPOINT WARNING * * *
The goblin hits you with a club.
* * * LOW HITPOINT WARNING * * *
The goblin hits you but does no damage. x3
The goblin hits you with a club.
You die...

+......... ## #.........
...###.....S... .............
........... ........)# +#
.......g.# .# .......gg#####.#
#.# .......gSg@g.#.# #.#
##.#########.#.# #.# # #.#.# #.#
#######.#.##### #.#
.............># #.# .
########.#.##### #.# .#
#......#.#########.### ..
#.####.#.....[.......#
#.##+######.#................#.#


You could see Robin, an adder, 2 hobgoblins and 3 goblins.

Vanquished Creatures
  Terence (D:2)
  5 adders (D:2)
  An ooze (D:2)
  A worm (D:2)
  4 giant cockroaches
  8 goblins
  5 hobgoblins
  2 jackals (D:2)
  4 kobolds (D:1)
  A quokka (D:2)
  A bat (D:2)
  3 rats
36 creatures vanquished.

Notes
Turn   | Place    | Note
--------------------------------------------------------------
     0 | D:1      | digdugdiggy the Ogre Gladiator began the quest for the Orb.
     0 | D:1      | Reached XP level 1. HP: 22/22 MP: 1/1
   211 | D:1      | Reached XP level 2. HP: 25/31 MP: 2/2
   854 | D:2      | Reached XP level 3. HP: 32/39 MP: 3/3
  1085 | D:2      | Reached skill level 5 in Maces & Flails
  1134 | D:2      | Noticed Terence
  1145 | D:2      | Killed Terence
  1145 | D:2      | Reached XP level 4. HP: 34/48 MP: 4/4
  1908 | D:2      | Noticed Robin
  1991 | D:2      | HP: 2/49 [goblin/club (1)]
  1994 | D:2      | Slain by a goblin

Vault maps used:
D:1:      minmay_arrival_cross
D:2:      lemuel_round_altar, first_bread, uniq_terence, uniq_robin

Action                   |  1- 3 |  4- 6 || total
-------------------------+-------+-------++-------
Melee: Flail             |    62 |    87 ||   149
  Use: Potion            |       |     3 ||     3
 Stab: Invisible         |       |     4 ||     4
  Eat: Chunk             |     1 |       ||     1
